[Event "11th LCC Super Blitz 2019"]
[Site "London"]
[Date "2019.12.08"]
[Round "8.4"]
[White "Brass, Ezra"]
[Black "Willow, Jonah B"]
[Result "0-1"]
[ECO "B22"]
[WhiteElo "1628"]
[BlackElo "2355"]
[Annotator "NA"]
[PlyCount "100"]
[EventDate "2019.12.08"]
[EventType "swiss"]
[EventCountry "ENG"]
[SourceTitle "playchess.com"]
[Source "ChessBase"]
[SourceQuality "1"]
[TimeControl "180+2"]

1. e4 c5 2. c3 Nf6 3. e5 Nd5 4. d4 cxd4 5. cxd4 g6 6. Nf3 Bg7 7. Nc3 Nxc3 8. bxc3 O-O 9. Bd3 d6 10. exd6 Qxd6 11. O-O Nc6 12. Re1 Bg4 13. Be2 Rfd8 14. h3 Bxf3 15. Bxf3 e5 16. d5 Ne7 17. Bb2 Nxd5 18. c4 Nf4 19. Qxd6 Rxd6 20. Bxe5 Bxe5 21. Rxe5 Rc8 22. g3 Nd3 23. Rd5 Rxd5 24. cxd5 Ne5 25. Bg2 Nc4 26. Rc1 Kf8 27. Bf1 Nd6 28. Rxc8+ Nxc8 29. f4 Ke7 30. Kf2 Kd6 31. Bc4 Nb6 32. Bb3 Nxd5 33. Kf3 f6 34. g4 g5 35. fxg5 fxg5 36. Bc2 h6 37. Bd3 Nf4 38. Bf1 Ke5 39. Ke3 b6 40. Kd2 Kd4 41. Kc2 Ke3 42. Kb3 Kf2 43. Bc4 Nxh3 44. Ka4 Ke3 45. Kb5 Kd4 46. Be6 Nf4 47. Bf5 Ke5 48. Ka6 h5 49. Kxa7 h4 50. Kxb6 h3 0-1

[Event "11th LCC Super Blitz 2019"]
[Site "London"]
[Date "2019.12.08"]
[Round "8.5"]
[White "Ratnesan, Ranesh"]
[Black "Bird, Joel"]
[Result "1-0"]
[ECO "A07"]
[WhiteElo "2213"]
[BlackElo "2009"]
[Annotator "NA"]
[PlyCount "75"]
[EventDate "2019.12.08"]
[EventType "swiss"]
[EventCountry "ENG"]
[SourceTitle "playchess.com"]
[Source "ChessBase"]
[SourceQuality "1"]
[TimeControl "180+2"]

1. Nf3 d5 2. g3 Nf6 3. Bg2 c6 4. d3 Bg4 5. Ne5 Nbd7 6. Nxg4 Nxg4 7. O-O Ngf6 8. c4 e6 9. cxd5 cxd5 10. Nc3 Be7 11. e4 dxe4 12. dxe4 O-O 13. Qe2 Nc5 14. Rd1 Qb6 15. Be3 Qa6 16. Qxa6 Nxa6 17. e5 Nd5 18. Nxd5 exd5 19. Bxd5 Nc5 20. b4 Na4 21. a3 Nc3 22. Rd3 Nxd5 23. Rxd5 Rfd8 24. Rad1 b6 25. Rd7 Kf8 26. Kg2 Ke8 27. Rxd8+ Rxd8 28. Rxd8+ Kxd8 29. Kf3 Kc7 30. Ke4 a6 31. Kd5 Bd8 32. a4 Be7 33. b5 axb5 34. axb5 Bd8 35. e6 fxe6+ 36. Kxe6 Bf6 37. Bf4+ Kb7 38. Be5 1-0

[Event "11th LCC Super Blitz 2019"]
[Site "London"]
[Date "2019.12.08"]
[Round "8.5"]
[White "Ismail, Mohammed Aayan"]
[Black "Gudenas, Motiejus"]
[Result "1/2-1/2"]
[ECO "A58"]
[WhiteElo "1641"]
[BlackElo "1993"]
[Annotator "NA"]
[PlyCount "73"]
[EventDate "2019.12.08"]
[EventType "swiss"]
[EventCountry "ENG"]
[SourceTitle "playchess.com"]
[Source "ChessBase"]
[SourceQuality "1"]
[TimeControl "180+2"]

1. d4 Nf6 2. c4 c5 3. d5 b5 4. cxb5 a6 5. e3 g6 6. Nc3 Bg7 7. Nf3 O-O 8. bxa6 Bxa6 9. Bxa6 Nxa6 10. O-O d6 11. a3 Qb6 12. Qe2 Ng4 13. h3 Ne5 14. Nxe5 Bxe5 15. Qc2 Nb4 16. Qb3 Rfb8 17. Na4 Rxa4 18. Qxa4 Nxd5 19. Qc4 e6 20. Rb1 Qc6 21. Bd2 Nb6 22. Qc2 d5 23. Bc3 Nc4 24. Bxe5 Nxe5 25. b3 Ra8 26. Rfc1 Nd7 27. a4 Rb8 28. Qc3 Qa6 29. Qd2 Rb4 30. Rc3 Qb6 31. Qc2 h5 32. Ra1 Qa5 33. Rc1 Qb6 34. Ra1 Qa5 35. Rc1 Qb6 36. Ra1 Qa5 37. Rc1 1/2-1/2

[Event "11th LCC Super Blitz 2019"]
[Site "London"]
[Date "2019.12.08"]
[Round "8.5"]
[White "Toh, Q Kane"]
[Black "Balaji, Aaravamudhan"]
[Result "1-0"]
[ECO "E61"]
[WhiteElo "1606"]
[BlackElo "2120"]
[Annotator "NA"]
[PlyCount "129"]
[EventDate "2019.12.08"]
[EventType "swiss"]
[EventCountry "ENG"]
[SourceTitle "playchess.com"]
[Source "ChessBase"]
[SourceQuality "1"]
[TimeControl "180+2"]

1. d4 Nf6 2. c4 g6 3. Nc3 Bg7 4. Nf3 O-O 5. Bg5 d6 6. e3 Nbd7 7. Be2 e5 8. d5 a5 9. Qc2 h6 10. Bh4 Nc5 11. O-O Bd7 12. Nd2 Qc8 13. e4 Nh7 14. b3 f5 15. f3 f4 16. Bf2 g5 17. a3 h5 18. b4 Na6 19. c5 g4 20. c6 bxc6 21. dxc6 Be6 22. b5 Nc5 23. Bxc5 dxc5 24. Na4 g3 25. hxg3 fxg3 26. Nxc5 Qd8 27. Rfd1 Qh4 28. Nf1 Bf7 29. Bc4 Ng5 30. Bxf7+ Rxf7 31. Rd7 Raf8 32. Qc4 Bh6 33. Rad1 Kh8 34. Rxf7 Rxf7 35. Rd8+ Kg7 36. Rd7 Qf4 37. Rxf7+ Qxf7 38. Qxf7+ Nxf7 39. Nd7 Nd8 40. Nxe5 Bc1 41. a4 Ne6 42. Nc4 Kf6 43. Nxg3 h4 44. Ne2 Bh6 45. Kf2 Nc5 46. Nxa5 Nxa4 47. Nb3 Ke5 48. Nec1 Nb6 49. Nd3+ Kd6 50. f4 Bg7 51. Kf3 Nc4 52. e5+ Kd5 53. Nb4+ Ke6 54. Ke4 Na3 55. Nd4+ Kf7 56. f5 Bf8 57. e6+ Ke8 58. Nd5 Bd6 59. b6 cxb6 60. c7 Bxc7 61. Nxc7+ Ke7 62. Nd5+ Kd6 63. f6 Nc4 64. f7 Nd2+ 65. Kd3 1-0

[Event "11th LCC Super Blitz 2019"]
[Site "London"]
[Date "2019.12.08"]
[Round "8.6"]
[White "Petrov, Vladimir Sergeev"]
[Black "Young, Daniel J"]
[Result "1-0"]
[ECO "B90"]
[WhiteElo "2355"]
[BlackElo "1947"]
[Annotator "NA"]
[PlyCount "47"]
[EventDate "2019.12.08"]
[EventType "swiss"]
[EventCountry "ENG"]
[SourceTitle "playchess.com"]
[Source "ChessBase"]
[SourceQuality "1"]
[TimeControl "180+2"]

1. e4 c5 2. Nf3 d6 3. d4 cxd4 4. Nxd4 Nf6 5. Nc3 a6 6. Be3 e5 7. Nb3 Be6 8. h3 Be7 9. f4 exf4 10. Bxf4 Nc6 11. Qe2 Ne5 12. O-O-O Qc7 13. g4 Rc8 14. g5 Nfd7 15. Qg2 Nb6 16. Nd4 Nbc4 17. Nd5 Bxd5 18. exd5 Qa5 19. Kb1 Qb6 20. Nb3 a5 21. a4 Qb4 22. Bxe5 Nxe5 23. Bb5+ Kf8 24. Rhf1 1-0

[Event "11th LCC Super Blitz 2019"]
[Site "London"]
[Date "2019.12.08"]
[Round "8.6"]
[White "Nettleton, Charlie B"]
[Black "Mohnblatt, Nicolas"]
[Result "0-1"]
[ECO "C02"]
[WhiteElo "2021"]
[BlackElo "1689"]
[Annotator "NA"]
[PlyCount "73"]
[EventDate "2019.12.08"]
[EventType "swiss"]
[EventCountry "ENG"]
[SourceTitle "playchess.com"]
[Source "ChessBase"]
[SourceQuality "1"]
[TimeControl "180+2"]

1. e4 e6 2. d4 d5 3. e5 c5 4. Nf3 Nc6 5. Bd3 Bd7 6. O-O cxd4 7. Re1 Bc5 8. a3 a5 9. Nbd2 a4 10. Nf1 Qc7 11. Ng3 Nge7 12. Nh5 O-O-O 13. b4 Bb6 14. Bb2 h6 15. Bf1 Nf5 16. Ng3 Nxg3 17. hxg3 f6 18. Qe2 fxe5 19. Nxe5 Nxe5 20. Qxe5 Qxe5 21. Rxe5 Bc7 22. Ree1 e5 23. c4 dxc3 24. Bxc3 d4 25. Bb2 Bc6 26. Rac1 Kb8 27. Bd3 g5 28. b5 Bd5 29. b6 Bd6 30. Bb5 Bb3 31. Bc4 Bxc4 32. Rxc4 Rhf8 33. Rxa4 Bc5 34. Rc4 Bxb6 35. Rxe5 d3 36. Rc1 Rxf2 37. Re6 0-1

[Event "11th LCC Super Blitz 2019"]
[Site "London"]
[Date "2019.12.08"]
[Round "8.6"]
[White "Rushbrooke, Remy"]
[Black "Onslow, Teddy"]
[Result "0-1"]
[ECO "D01"]
[WhiteElo "1877"]
[BlackElo "1647"]
[Annotator "NA"]
[PlyCount "67"]
[EventDate "2019.12.08"]
[EventType "swiss"]
[EventCountry "ENG"]
[SourceTitle "playchess.com"]
[Source "ChessBase"]
[SourceQuality "1"]
[TimeControl "180+2"]

1. d4 d5 2. Nc3 Nf6 3. Bg5 Bf5 4. Bxf6 exf6 5. e3 c6 6. Bd3 Bxd3 7. Qxd3 Bd6 8. Nge2 a5 9. g4 Qe7 10. Ng3 Bxg3 11. hxg3 h6 12. O-O-O Nd7 13. Rde1 O-O-O 14. e4 dxe4 15. Nxe4 Rhe8 16. Qc3 Nb8 17. Qxa5 Rxd4 18. Nd6+ Rxd6 19. Rxe7 Rxe7 20. Re1 Rxe1+ 21. Qxe1 Re6 22. Qd2 Kc7 23. Qf4+ Kc8 24. Qd4 Nd7 25. f4 c5 26. Qd3 Kc7 27. Qh7 c4 28. Qxg7 Nc5 29. Qxf7+ Kc6 30. f5 Rd6 31. Qxc4 b5 32. Qf4 Rd5 33. Qxh6 Ne4 34. c3 0-1

[Event "11th LCC Super Blitz 2019"]
[Site "London"]
[Date "2019.12.08"]
[Round "8.7"]
[White "Kennedy, Craig"]
[Black "Joslin, Tim"]
[Result "1-0"]
[ECO "A22"]
[WhiteElo "1899"]
[BlackElo "1822"]
[Annotator "NA"]
[PlyCount "61"]
[EventDate "2019.12.08"]
[EventType "swiss"]
[EventCountry "ENG"]
[SourceTitle "playchess.com"]
[Source "ChessBase"]
[SourceQuality "1"]
[TimeControl "180+2"]

1. g3 d5 2. Bg2 e5 3. c4 Nf6 4. cxd5 Nxd5 5. Nc3 c6 6. d3 Be6 7. Nf3 f6 8. O-O Bc5 9. Bd2 Qd7 10. Rc1 Bb6 11. Ne4 Na6 12. a3 O-O 13. e3 Bh3 14. d4 Bxg2 15. Kxg2 exd4 16. Nxd4 Rae8 17. Qf3 f5 18. Ng5 h6 19. Nh3 Nc5 20. Nf4 Ne4 21. Rfd1 Qf7 22. Nxd5 cxd5 23. Bb4 Ng5 24. Qe2 f4 25. gxf4 Ne4 26. Bxf8 Rxf8 27. f3 Qg6+ 28. Kh1 Nf6 29. Rg1 Qh5 30. Ne6 Re8 31. Nxg7 1-0

[Event "11th LCC Super Blitz 2019"]
[Site "London"]
[Date "2019.12.08"]
[Round "8.7"]
[White "Stamatopoulos, Apostolos"]
[Black "John, Joshua"]
[Result "1-0"]
[ECO "D05"]
[WhiteElo "1782"]
[BlackElo "1694"]
[Annotator "NA"]
[PlyCount "65"]
[EventDate "2019.12.08"]
[EventType "swiss"]
[EventCountry "ENG"]
[SourceTitle "playchess.com"]
[Source "ChessBase"]
[SourceQuality "1"]
[TimeControl "180+2"]

1. d4 Nf6 2. Nf3 d5 3. e3 e6 4. Bd3 c5 5. b3 Nc6 6. O-O Be7 7. Bb2 b6 8. Nbd2 O-O 9. a3 Bb7 10. Ne5 cxd4 11. exd4 Rc8 12. f4 Nxe5 13. fxe5 Ne4 14. Bxe4 dxe4 15. Re1 Qc7 16. c4 Qc6 17. Nxe4 f5 18. exf6 Bxf6 19. Qe2 Rce8 20. Nxf6+ Rxf6 21. d5 Qc5+ 22. Qe3 Rg6 23. Qxc5 bxc5 24. g3 Kf7 25. Rf1+ Ke7 26. Rae1 Kd7 27. Rf7+ Re7 28. dxe6+ Rgxe6 29. Rxe7+ Kxe7 30. Rxe6+ Kxe6 31. Bxg7 Kf5 32. Bf8 Ke4 33. Bxc5 1-0

[Event "11th LCC Super Blitz 2019"]
[Site "London"]
[Date "2019.12.08"]
[Round "8.7"]
[White "Sheikh, Anum"]
[Black "Watson, Mikey J"]
[Result "0-1"]
[ECO "B13"]
[WhiteElo "1560"]
[BlackElo "1748"]
[Annotator "NA"]
[PlyCount "30"]
[EventDate "2019.12.08"]
[EventType "swiss"]
[EventCountry "ENG"]
[SourceTitle "playchess.com"]
[Source "ChessBase"]
[SourceQuality "1"]
[TimeControl "180+2"]

1. e4 c6 2. d4 d5 3. exd5 cxd5 4. Bd3 Nf6 5. Bf4 Nc6 6. c3 g6 7. Nf3 Bg7 8. O-O O-O 9. Re1 Bf5 10. Bxf5 gxf5 11. Nbd2 e6 12. Ne5 Ne4 13. f3 Nxe5 14. Bxe5 Bxe5 15. dxe5 Qb6+ 0-1

[Event "11th LCC Super Blitz 2019"]
[Site "London"]
[Date "2019.12.08"]
[Round "8.8"]
[White "Mortazavi, Ali"]
[Black "Sandhu, Manvith"]
[Result "1-0"]
[ECO "B00"]
[WhiteElo "2333"]
[BlackElo "1673"]
[Annotator "NA"]
[PlyCount "44"]
[EventDate "2019.12.08"]
[EventType "swiss"]
[EventCountry "ENG"]
[SourceTitle "playchess.com"]
[Source "ChessBase"]
[SourceQuality "1"]
[TimeControl "180+2"]

1. e4 Nc6 2. Nc3 d6 3. d4 Nf6 4. Bb5 a6 5. Bxc6+ bxc6 6. h3 e6 7. f4 Bb7 8. Qe2 d5 9. e5 Nd7 10. Nf3 c5 11. Be3 cxd4 12. Bxd4 c5 13. Bf2 Qb6 14. Rb1 Qc7 15. O-O Be7 16. Bh4 Bxh4 17. Nxh4 O-O 18. Qg4 d4 19. Ne2 Nb6 20. f5 Nc4 21. f6 g6 22. Qg5 Kh8 1-0

[Event "11th LCC Super Blitz 2019"]
[Site "London"]
[Date "2019.12.08"]
[Round "8.8"]
[White "Eames, Robert S"]
[Black "Nunn, Petra"]
[Result "1-0"]
[ECO "B76"]
[WhiteElo "2166"]
[BlackElo "1908"]
[Annotator "NA"]
[PlyCount "37"]
[EventDate "2019.12.08"]
[EventType "swiss"]
[EventCountry "ENG"]
[SourceTitle "playchess.com"]
[Source "ChessBase"]
[SourceQuality "1"]
[TimeControl "180+2"]

1. e4 c5 2. Nf3 d6 3. d4 Nf6 4. Nc3 cxd4 5. Nxd4 g6 6. Be3 Bg7 7. f3 O-O 8. Qd2 Nc6 9. O-O-O d5 10. Qe1 e5 11. Nxc6 bxc6 12. exd5 Nxd5 13. Bc4 Be6 14. Ne4 Qc7 15. Bc5 Rfd8 16. Qh4 f5 17. Ng5 Bf6 18. Nxe6 Bxh4 19. Nxc7 1-0

[Event "11th LCC Super Blitz 2019"]
[Site "London"]
[Date "2019.12.08"]
[Round "8.8"]
[White "Royal, Shreyas"]
[Black "Manmay Chopra"]
[Result "1-0"]
[ECO "E70"]
[WhiteElo "1941"]
[BlackElo "1354"]
[Annotator "NA"]
[PlyCount "71"]
[EventDate "2019.12.08"]
[EventType "swiss"]
[EventCountry "ENG"]
[SourceTitle "playchess.com"]
[Source "ChessBase"]
[SourceQuality "1"]
[TimeControl "180+2"]

1. d4 Nf6 2. c4 g6 3. Nc3 Bg7 4. e4 d6 5. Nge2 O-O 6. Ng3 e5 7. d5 Ne8 8. Be2 f5 9. exf5 gxf5 10. f4 Nd7 11. O-O e4 12. Be3 Ndf6 13. Bd4 a6 14. Qd2 Qe7 15. Nd1 Nd7 16. Ne3 Bxd4 17. Qxd4 Nb6 18. b4 Ng7 19. c5 Nd7 20. Rac1 dxc5 21. bxc5 Qf6 22. Qd2 b6 23. d6 Nxc5 24. dxc7 Be6 25. Nd5 Bxd5 26. Qxd5+ Qe6 27. Bc4 Qxd5 28. Bxd5+ Kh8 29. Bxa8 Rxa8 30. Rfd1 Nge6 31. Nxf5 Nxc7 32. Rd6 Rf8 33. Ng3 Rxf4 34. Rxb6 N7e6 35. Rb8+ Kg7 36. Nh5+ 1-0

[Event "11th LCC Super Blitz 2019"]
[Site "London"]
[Date "2019.12.08"]
[Round "8.9"]
[White "Saidmurodov, Shahjahon"]
[Black "Dhemrait, Jagdeep"]
[Result "0-1"]
[ECO "B34"]
[WhiteElo "1812"]
[BlackElo "1834"]
[Annotator "NA"]
[PlyCount "48"]
[EventDate "2019.12.08"]
[EventType "swiss"]
[EventCountry "ENG"]
[SourceTitle "playchess.com"]
[Source "ChessBase"]
[SourceQuality "1"]
[TimeControl "180+2"]

1. e4 c5 2. Nf3 Nc6 3. d4 cxd4 4. Nxd4 g6 5. Nc3 a6 6. Be3 Bg7 7. Bc4 e6 8. Nxc6 bxc6 9. Bc5 d5 10. exd5 cxd5 11. Bb3 Bd7 12. O-O Ne7 13. Bxe7 Qxe7 14. Nxd5 exd5 15. Qxd5 O-O 16. Rfe1 Be6 17. Qf3 Bxb2 18. Rad1 Rad8 19. Rxd8 Rxd8 20. h4 Qxh4 21. Bxe6 fxe6 22. Qb3 Bg7 23. Qxe6+ Kh8 24. Qf7 Rf8 0-1

[Event "11th LCC Super Blitz 2019"]
[Site "London"]
[Date "2019.12.08"]
[Round "8.9"]
[White "Phillips, David"]
[Black "Iyengar, Ilya"]
[Result "0-1"]
[ECO "A01"]
[WhiteElo "1810"]
[BlackElo "1984"]
[Annotator "NA"]
[PlyCount "55"]
[EventDate "2019.12.08"]
[EventType "swiss"]
[EventCountry "ENG"]
[SourceTitle "playchess.com"]
[Source "ChessBase"]
[SourceQuality "1"]
[TimeControl "180+2"]

1. b3 Nf6 2. Bb2 g6 3. Bxf6 exf6 4. Nf3 Bg7 5. c3 O-O 6. g3 f5 7. Bg2 Qf6 8. O-O f4 9. d4 fxg3 10. hxg3 d5 11. Ne5 c6 12. Nd2 Bf5 13. Ndf3 Nd7 14. Qd2 Qe6 15. Nd3 h6 16. Nf4 Qe7 17. Nh4 Bg4 18. Nf3 Nf6 19. Ne5 Bf5 20. Nfd3 Ne4 21. Qc1 Rae8 22. Bf3 h5 23. Bg2 h4 24. g4 Bc8 25. f3 Ng3 26. Rf2 Kh7 27. Nf4 g5 28. Nh5 0-1

[Event "11th LCC Super Blitz 2019"]
[Site "London"]
[Date "2019.12.08"]
[Round "8.9"]
[White "Srivastava, Arnav"]
[Black "Lovell, William Pm"]
[Result "1-0"]
[ECO "D26"]
[WhiteElo "1728"]
[BlackElo "1831"]
[Annotator "NA"]
[PlyCount "61"]
[EventDate "2019.12.08"]
[EventType "swiss"]
[EventCountry "ENG"]
[SourceTitle "playchess.com"]
[Source "ChessBase"]
[SourceQuality "1"]
[TimeControl "180+2"]

1. d4 d5 2. c4 dxc4 3. e3 e6 4. Bxc4 Nf6 5. Nf3 a6 6. O-O b5 7. Bd3 Bb7 8. Nc3 Nbd7 9. a3 Be7 10. b4 O-O 11. Bb2 Bd6 12. e4 e5 13. d5 c6 14. Be2 cxd5 15. exd5 Nb6 16. Qd2 Re8 17. Rad1 Nbxd5 18. Nxd5 Nxd5 19. Rfe1 Bc7 20. Bd3 Nf4 21. Bxh7+ Kxh7 22. Qc2+ Nd3 23. Rxd3 Qf6 24. Rd6+ Kg8 25. Rxf6 gxf6 26. Qf5 Bxf3 27. gxf3 Rad8 28. f4 Rd2 29. Bc3 Rc2 30. Qxc2 exf4 31. Rxe8+ 1-0

[Event "11th LCC Super Blitz 2019"]
[Site "London"]
[Date "2019.12.08"]
[Round "8.10"]
[White "Van Hoof, Alexander"]
[Black "Pappelis, Dimitrios"]
[Result "0-1"]
[ECO "B40"]
[WhiteElo "1968"]
[BlackElo "2160"]
[Annotator "NA"]
[PlyCount "120"]
[EventDate "2019.12.08"]
[EventType "swiss"]
[EventCountry "ENG"]
[SourceTitle "playchess.com"]
[Source "ChessBase"]
[SourceQuality "1"]
[TimeControl "180+2"]

1. e4 c5 2. Nf3 e6 3. c4 Nc6 4. Nc3 g5 5. h3 Bg7 6. a3 Nge7 7. d3 h6 8. g4 d6 9. Rb1 Ng6 10. Bg2 a6 11. Ne2 O-O 12. d4 cxd4 13. Nexd4 Nce5 14. b3 Qa5+ 15. Kf1 Bd7 16. Qd2 Qb6 17. Ne2 Rad8 18. Ng3 Nf4 19. Nh5 Nxh5 20. gxh5 Bc6 21. Qe2 f5 22. Be3 Qc7 23. exf5 Rxf5 24. Nxe5 Bxe5 25. Bxc6 Qxc6 26. Rg1 Rdf8 27. Ke1 Qe4 28. Rc1 Bd4 29. h4 Bxe3 30. Qxe3 Qxh4 31. Qxe6+ R8f7 32. Qe8+ Kg7 33. Qe6 Re5+ 34. Qxe5+ dxe5 35. Rg3 Qf4 36. Rc2 Qe4+ 37. Re2 Qb1+ 38. Kd2 Rd7+ 39. Ke3 Qc1+ 40. Kf3 Rd3+ 41. Kg2 Rxg3+ 42. Kxg3 Kf6 43. Re3 Qxa3 44. Rf3+ Ke6 45. Re3 Qb4 46. Kg4 Qd2 47. Kg3 Qd4 48. Kg2 Qh4 49. Rh3 Qe4+ 50. Kh2 g4 51. Rg3 Qf5 52. Kg2 Qxh5 53. b4 Qf5 54. b5 axb5 55. cxb5 h5 56. b6 h4 57. Rc3 Qe4+ 58. Kh2 Qe1 59. Rc2 Qf1 60. f4 g3# 0-1

[Event "11th LCC Super Blitz 2019"]
[Site "London"]
[Date "2019.12.08"]
[Round "8.10"]
[White "Tombolis, Christopher"]
[Black "Ozturan, Cem"]
[Result "1-0"]
[ECO "E46"]
[WhiteElo "1655"]
[BlackElo "1853"]
[Annotator "NA"]
[PlyCount "31"]
[EventDate "2019.12.08"]
[EventType "swiss"]
[EventCountry "ENG"]
[SourceTitle "playchess.com"]
[Source "ChessBase"]
[SourceQuality "1"]
[TimeControl "180+2"]

1. d4 Nf6 2. c4 e6 3. Nc3 Bb4 4. e3 O-O 5. Nge2 d5 6. a3 Be7 7. cxd5 exd5 8. Nf4 c6 9. Bd3 Na6 10. Bxa6 bxa6 11. O-O Bd6 12. Nd3 Bf5 13. f4 Re8 14. Na4 Rb8 15. Ne5 Bxe5 16. fxe5 1-0

[Event "11th LCC Super Blitz 2019"]
[Site "London"]
[Date "2019.12.08"]
[Round "8.11"]
[White "Patel, Rishi"]
[Black "Yeo, Klaus Lucas"]
[Result "0-1"]
[ECO "B52"]
[WhiteElo "1899"]
[BlackElo "1176"]
[Annotator "NA"]
[PlyCount "109"]
[EventDate "2019.12.08"]
[EventType "swiss"]
[EventCountry "ENG"]
[SourceTitle "playchess.com"]
[Source "ChessBase"]
[SourceQuality "1"]
[TimeControl "180+2"]

1. e4 c5 2. Nf3 d6 3. Bb5+ Bd7 4. Bxd7+ Nxd7 5. O-O Ngf6 6. Re1 e6 7. c3 Be7 8. d4 cxd4 9. cxd4 h6 10. Be3 a6 11. h3 O-O 12. Nc3 Rc8 13. Rc1 e5 14. Qb3 exd4 15. Bxd4 b5 16. Qd1 Nc5 17. b4 Ne6 18. Be3 Qd7 19. Nd5 Nxe4 20. Nb6 Rxc1 21. Bxc1 Qb7 22. Nd5 Nf6 23. Nxf6+ Bxf6 24. Qxd6 Rd8 25. Qg3 Kh7 26. a3 Rd7 27. Be3 Bb2 28. Bc1 Bxc1 29. Rxc1 Qd5 30. Ne5 Re7 31. Nc6 Rc7 32. Qc3 Nd8 33. Qc2+ g6 34. Rd1 Qg5 35. Rxd8 Qxd8 36. Qe4 Qd7 37. Ne5 Qe7 38. Qf4 Kg7 39. Nd3 Rd7 40. Qf3 Qd6 41. Nf4 Qd1+ 42. Qxd1 Rxd1+ 43. Kh2 Ra1 44. Nd5 Rxa3 45. Nc7 Ra4 46. Kg3 Rxb4 47. Nxa6 Ra4 48. Nc5 Rc4 49. Nd3 b4 50. Kf3 b3 51. Ke3 Rc8 52. Nb2 Rc2 53. Nd3 b2 54. Nxb2 Rxb2 55. Kd4 0-1

[Event "11th LCC Super Blitz 2019"]
[Site "London"]
[Date "2019.12.08"]
[Round "8.11"]
[White "Zhao, Haolin"]
[Black "Rahman, Asad"]
[Result "0-1"]
[ECO "B23"]
[WhiteElo "1725"]
[BlackElo "1923"]
[Annotator "NA"]
[PlyCount "138"]
[EventDate "2019.12.08"]
[EventType "swiss"]
[EventCountry "ENG"]
[SourceTitle "playchess.com"]
[Source "ChessBase"]
[SourceQuality "1"]
[TimeControl "180+2"]

1. e4 c5 2. Nc3 Nc6 3. f4 d6 4. Nf3 Nf6 5. Bb5 Bd7 6. O-O g6 7. d3 Bg7 8. Qe1 O-O 9. Bxc6 Bxc6 10. Qh4 d5 11. f5 dxe4 12. dxe4 b5 13. Bh6 b4 14. Ne2 Bxe4 15. Bxg7 Kxg7 16. Ng5 Bxf5 17. g4 h6 18. gxf5 hxg5 19. Qxg5 Rh8 20. fxg6 fxg6 21. Rad1 Qc7 22. Nf4 Qb6 23. Nxg6 c4+ 24. Rf2 Qxf2+ 25. Kxf2 Ne4+ 26. Kg2 Nxg5 27. Nxh8 Rxh8 28. Rd5 Kf6 29. Rc5 c3 30. bxc3 bxc3 31. Rxc3 e5 32. Ra3 Rh7 33. Kg3 Kf5 34. h4 Ne4+ 35. Kf3 Rxh4 36. Rxa7 Rh3+ 37. Ke2 Rc3 38. Rf7+ Ke6 39. Ra7 Kd5 40. Ra5+ Kd4 41. Ra4+ Kd5 42. Ra5+ Nc5 43. Kd2 Rc4 44. Ra3 Rh4 45. Kd1 e4 46. Ke2 Kd4 47. c3+ Kd5 48. Ra5 Rh2+ 49. Ke3 Rh3+ 50. Ke2 Rxc3 51. Ra8 Rh3 52. Rd8+ Kc4 53. Rd6 Rh2+ 54. Ke3 Rxa2 55. Rd4+ Kb5 56. Rd8 Ra3+ 57. Ke2 Kc4 58. Rc8 Kd4 59. Rd8+ Ke5 60. Re8+ Ne6 61. Rb8 Nf4+ 62. Kf2 Rf3+ 63. Ke1 e3 64. Rb5+ Nd5 65. Ke2 Rf2+ 66. Ke1 Rh2 67. Ra5 Ke4 68. Ra4+ Kf3 69. Kd1 Nc3+ {[%emt 0:00:14] Kc2} 0-1

[Event "11th LCC Super Blitz 2019"]
[Site "London"]
[Date "2019.12.08"]
[Round "8.12"]
[White "Bergner, Matthias"]
[Black "Thatte, Nandinee"]
[Result "1-0"]
[ECO "A03"]
[WhiteElo "1632"]
[BlackElo "1270"]
[Annotator "NA"]
[PlyCount "73"]
[EventDate "2019.12.08"]
[EventType "swiss"]
[EventCountry "ENG"]
[SourceTitle "playchess.com"]
[Source "ChessBase"]
[SourceQuality "1"]
[TimeControl "180+2"]

1. d4 Nf6 2. e3 g6 3. f4 Bg7 4. Nf3 O-O 5. Bd3 d5 6. O-O c5 7. c3 Nc6 8. Nbd2 Bd7 9. Ne5 Nxe5 10. fxe5 Ng4 11. Nf3 Nh6 12. Bd2 Nf5 13. Qe2 Qb6 14. b3 Rac8 15. Rac1 a6 16. g3 Bb5 17. Bxb5 Qxb5 18. Qxb5 axb5 19. g4 Nh6 20. h3 f5 21. exf6 Bxf6 22. Kg2 Bg7 23. Ng5 cxd4 24. cxd4 Bf6 25. Ne6 Rfe8 26. Nc5 Rc7 27. Ba5 Rc6 28. Bd2 b6 29. Nd3 Rec8 30. Nb4 Rxc1 31. Rxc1 Rxc1 32. Bxc1 Nf7 33. Kf3 Nd6 34. Nxd5 Kf7 35. Nxb6 Ke6 36. Ke2 Bg7 37. Kd3 {[%emt 0:00:02] Kd5 Ke4+} 1-0

[Event "11th LCC Super Blitz 2019"]
[Site "London"]
[Date "2019.12.08"]
[Round "8.12"]
[White "Jackson, Julius"]
[Black "Vikas Narayan S P"]
[Result "0-1"]
[ECO "C56"]
[WhiteElo "1584"]
[BlackElo "1026"]
[Annotator "NA"]
[PlyCount "82"]
[EventDate "2019.12.08"]
[EventType "swiss"]
[EventCountry "ENG"]
[SourceTitle "playchess.com"]
[Source "ChessBase"]
[SourceQuality "1"]
[TimeControl "180+2"]

1. e4 e5 2. Nf3 Nc6 3. d4 exd4 4. Bc4 Nf6 5. e5 Ne4 6. Bd5 Nc5 7. Bxc6 dxc6 8. Nxd4 Be7 9. O-O O-O 10. Nc3 Ne6 11. Be3 Bb4 12. Qd3 Re8 13. Rfe1 Nxd4 14. Bxd4 c5 15. Be3 Be6 16. Qe4 Qe7 17. Rad1 c6 18. a3 Bd5 19. Qg4 Bxc3 20. bxc3 Qxe5 21. Bd2 Qf6 22. Qg3 Re6 23. Rb1 b6 24. a4 Rae8 25. h3 Qg6 26. Qxg6 fxg6 27. Rxe6 Rxe6 28. Re1 Rxe1+ 29. Bxe1 Kf7 30. Bd2 Ke6 31. Kf1 h5 32. g3 Ba2 33. Ke2 Kd5 34. Kd3 b5 35. axb5 cxb5 36. Bf4 Bc4+ 37. Kd2 a5 38. Kc1 a4 39. Kb2 Ke4 40. Be3 Kd5 41. Bf4 b4 0-1

[Event "11th LCC Super Blitz 2019"]
[Site "London"]
[Date "2019.12.08"]
[Round "8.12"]
[White "Vaidya, Raghav"]
[Black "Davis, Holden"]
[Result "0-1"]
[ECO "A96"]
[WhiteElo "1467"]
[BlackElo "1769"]
[Annotator "NA"]
[PlyCount "70"]
[EventDate "2019.12.08"]
[EventType "swiss"]
[EventCountry "ENG"]
[SourceTitle "playchess.com"]
[Source "ChessBase"]
[SourceQuality "1"]
[TimeControl "180+2"]

1. c4 e6 2. Nc3 f5 3. g3 Nf6 4. Bg2 Be7 5. Nf3 O-O 6. O-O d6 7. d4 a5 8. a3 Qe8 9. Re1 Ne4 10. Nxe4 fxe4 11. Nd2 d5 12. cxd5 exd5 13. Nb3 a4 14. Nd2 Nc6 15. Nb1 Bf6 16. e3 Qg6 17. Nc3 Be6 18. Nxa4 Bg4 19. Qc2 Be7 20. h3 Bf3 21. Bxf3 Rxf3 22. Nc3 Qe6 23. Kg2 Raf8 24. Re2 Na5 25. Bd2 Nc4 26. Rh1 c6 27. Bc1 Qf5 28. a4 h5 29. b3 Nb6 30. Qb2 Nd7 31. Qc2 Bd6 32. Qb2 h4 33. g4 Rg3+ 34. fxg3 Qf3+ 35. Kg1 Qf1+ 0-1